 Dungeon Crawl Stone Soup version 0.31.0-11-ge490571c62 (webtiles) character file.

Game seed: 3267390077571332119

369343 iamserjio the Opulent (level 21, -8/159 (161) HPs)
             Began as a Gnoll Monk on Jan 30, 2024.
             Was an Initiate of Gozag.
             Killed from afar by Frederick (39 damage)
             ... with an iron shot
             ... on level 3 of the Crypt.
             The game lasted 02:48:12 (71760 turns).

iamserjio the Opulent (Gnoll Monk)                 Turns: 71760, Time: 02:48:12

HP:   -8/159 (161)  AC: 32    Str: 22      XL:     21   Next: 63%
MP:   0/39          EV: 20    Int: 20 (21) God:    Gozag
Gold: 7876          SH: 18    Dex: 15      Spells: 23/48 levels left

rFire   + . .        z - +6 morningstar "Ylegot" {flame, Will+ rCorr}
rCold   + . .        R - +5 kite shield {AC+3}
rNeg    + + .        (body armour currently unavailable)
rPois   ∞            c - +2 helmet "Zeir Owi" {rC++ Str+7 Int+3}
rElec   +            f - +2 cloak "Qome Uss" {Rampage}
rCorr   +            (gloves currently unavailable)
SInv    .            (boots currently unavailable)
Will    ++++.        Y - amulet of Doubts {Spirit Rampage rF+ rN+}
Stlth   +++++++      C - ring of willpower
HPRegen 0.46/turn    j - ring of Wutwoimp {rPois rC- Will+ Slay+4 Stlth+}
MPRegen 0.26/turn

%: guardian spirit, rampage
@: statue-form, very slightly contaminated, lightly drained, very slow
A: slow and powerful, torment resistance 1, reduced hp, fangs 1, inability to
drink after injury 2, inability to read after injury 2, inability to train
armour, unskilled 1, inexperienced 1, strong nose, distributed training,
mutation resistance 1, (shaggy fur 1), strong 1
}: 2/15 runes: barnacled, gossamer
a: Begin Untransformation, Renounce Religion, Potion Petition, Call Merchant,
Bribe Branch


You were on level 3 of the Crypt.
You worshipped Gozag.
Gozag was greatly pleased with you.
You were a living statue of rough stone.
You visited 9 branches of the dungeon, and saw 41 of its levels.
You also visited: Sewer.

You collected 15948 gold pieces.
You spent 3536 gold pieces at shops.
You paid 4536 gold pieces to Gozag.

Inventory:

Hand Weapons
 l - the +10 war axe of Imbalance {elec, rN+ rCorr}
   (You found it on level 1 of the Elven Halls)

   rN+:       It protects you from negative energy.
   rCorr:     It protects you from acid and corrosion.
 y - a +9 double sword of freezing
 z - the +6 morningstar "Ylegot" (weapon) {flame, Will+ rCorr}
   (You took it off a deep elf high priest on level 3 of the Elven Halls)

   Will+:     It increases your willpower.
   rCorr:     It protects you from acid and corrosion.
Missiles
 g - 9 javelins
 m - a throwing net {!f}
 L - 7 darts of dispersal
 N - 3 curare-tipped darts (quivered)
Armour
 c - the +2 helmet "Zeir Owi" (worn) {rC++ Str+7 Int+3}
   (You found it on level 9 of the Dungeon)

   Str+7:     It affects your strength (+7).
   Int+3:     It affects your intelligence (+3).
   rC++:      It greatly protects you from cold.
 f - the +2 cloak "Qome Uss" (worn) {Rampage}
   (You found it on level 2 of the Lair of Beasts)

   Rampage:   It bestows one free step when moving towards enemies.
 i - the +2 pair of slick slippers {slick, slippery, EV+4}
   (You found it on level 4 of the Spider Nest)

   Slick:     Its wearer cannot be constricted, engulfed, netted or webbed.
   Slippery:  Its wearer slips away from damaging melee attacks, pulling the
   attacker onward.
   EV+4:      It affects your evasion (+4).
 t - the +0 cloak of Foxic {Int+4}
   (You bought it in a shop on level 3 of the Elven Halls)

   Int+4:     It affects your intelligence (+4).
 F - a +2 cloak of preservation
 Q - a scarf of resistance
 R - a +5 kite shield of protection (worn)
Jewellery
 d - the ring "Dajeenef" {+Blink rN+ SInv}
   (You bought it in a shop on level 11 of the Dungeon)

   [ring of see invisible]

   rN+:       It protects you from negative energy.
   SInv:      It lets you see invisible.
   +Blink:    It lets you blink.
 h - a ring of wizardry
 j - the ring of Wutwoimp (right fist) {rPois rC- Will+ Slay+4 Stlth+}
   (You bought it in a shop on level 2 of the Orcish Mines)

   [ring of slaying]

   Slay+4:    It affects your accuracy & damage with ranged weapons and melee
   (+4).
   rC-:       It makes you vulnerable to cold.
   rPois:     It protects you from poison Will+: It increases your willpower.
   Stlth+:    It makes you more stealthy.
 w - a ring of flight
 C - a ring of willpower (left fist)
 E - an amulet of regeneration
 G - a ring of magical power
 J - a ring of protection from cold
 M - an amulet of magic regeneration
 Y - the amulet of Doubts (around neck) {Spirit Rampage rF+ rN+}
   (You found it on level 3 of the Elven Halls)

   [amulet of guardian spirit]

   Spirit:    It causes incoming damage to be divided between your reserves of
   health and magic.
   rF+:       It protects you from fire.
   rN+:       It protects you from negative energy.
   Rampage:   It bestows one free step when moving towards enemies.
Talismans
 v - a granite talisman (active)
Wands
 a - a wand of quicksilver (4)
 k - a wand of charming (13)
 q - a wand of iceblast (6) {@v2}
 s - a wand of mindburst (8)
Scrolls
 b - 4 scrolls of fear
 e - 5 scrolls of revelation
 n - 7 scrolls of fog
 p - a scroll of vulnerability
 A - 7 scrolls of teleportation {@r3}
 S - 5 scrolls of blinking {@r4}
 Z - a scroll of immolation
Potions
 o - 4 potions of enlightenment
 u - 7 potions of haste {@q4}
 x - 14 potions of curing {@q1}
 B - 8 potions of ambrosia
 D - a potion of berserk rage
 H - 9 potions of brilliance
 K - a potion of invisibility
 O - 3 potions of mutation
 T - a potion of magic
 U - 7 potions of heal wounds {@q2}
 V - 3 potions of cancellation
 W - 3 potions of might {@q3}
 X - a potion of lignification
Miscellaneous
 r - a phial of floods (inert)
 I - a box of beasts (inert)
 P - a lightning rod (2/4)


   Skills:
 + Level 15.5 Fighting
 + Level 14.4 Short Blades
 + Level 15.5 Long Blades
 + Level 14.4 Axes
 + Level 14.4 Maces & Flails
 + Level 14.4 Polearms
 + Level 14.4 Staves
 + Level 14.4 Ranged Weapons
 + Level 14.4 Throwing
   Level 0.0 Armour
 + Level 15.5 Dodging
 + Level 14.4 Stealth
 + Level 14.4 Shields
 + Level 14.4 Unarmed Combat
 + Level 14.4 Spellcasting
 + Level 12.3 Conjurations
 + Level 12.3 Hexes
 + Level 12.3 Summonings
 + Level 12.3 Necromancy
 + Level 12.3 Translocations
 + Level 12.3 Fire Magic
 + Level 12.3 Ice Magic
 + Level 12.3 Air Magic
 + Level 12.3 Earth Magic
 + Level 12.3 Alchemy
 + Level 15.7 Invocations
 + Level 14.4 Evocations
 + Level 13.3 Shapeshifting


You had 23 spell levels left.
You knew the following spells:

 Your Spells              Type           Power      Damage    Failure   Level
a - Kiss of Death         Conj/Necr      100%       2d13      1%          1
b - Blink                 Tloc           100%       N/A       1%          2
c - Summon Ice Beast      Ice/Summ       59%        N/A       1%          3
e - Irradiate             Conj/Alch      29%        3d21      1%          5
f - Passage of Golubria   Tloc           59%        N/A       1%          4
g - Summon Forest         Summ/Tloc      29%        N/A       1%          5
h - Apportation           Tloc           100%       N/A       1%          1
i - Vhi's Electric Charg  Tloc/Air       100%       N/A       1%          4

Your spell library contained the following spells:

 Spells                   Type           Power      Damage    Failure   Level
 Magic Dart               Conj           100%       1d8       1%          1
 Necrotise                Necr           100%       1d9       1%          1
 Slow                     Hex            100%       N/A       1%          1
 Sting                    Conj/Alch      100%       1d9       1%          1
 Summon Small Mammal      Summ           100%       N/A       1%          1
 Call Imp                 Summ           100%       N/A       1%          2
 Cigotuvi's Dreadful Rot  Necr/Alch/Air  100%       N/A       1%          2
 Jinxbite                 Hex            100%       N/A       1%          2
 Mercury Vapours          Alch/Air       100%       N/A       1%          2
 Static Discharge         Conj/Air       100%       3-8/arc   1%          2
 Call Canine Familiar     Summ           59%        N/A       1%          3
 Confusing Touch          Hex            59%        N/A       1%          3
 Gell's Gravitas          Tloc           59%        N/A       1%          3
 Hailstorm                Conj/Ice       59%        3d11      1%          3
 Mephitic Cloud           Conj/Alch/Air  59%        N/A       1%          3
 Sigil of Binding         Hex            59%        N/A       1%          3
 Teleport Other           Tloc           59%        N/A       1%          3
 Vampiric Draining        Necr           59%        2d10      1%          3
 Volatile Blastmotes      Fire/Tloc      100%       2d18      1%          3
 Airstrike                Air            29%        2d(5-21)  1%          4
 Animate Armour           Summ/Erth      100%       N/A       1%          4
 Dispel Undead            Necr           59%        3d21      1%          4
 Fulminant Prism          Conj/Alch      29%        3d14      1%          4
 Ignite Poison            Fire/Alch      59%        N/A       1%          4
 Iskenderun's Mystic Bla  Conj/Tloc      59%        2d12      1%          4
 Martyr's Knell           Necr/Summ      59%        N/A       1%          4
 Petrify                  Alch/Erth      59%        N/A       1%          4
 Summon Blazeheart Golem  Fire/Summ      59%        N/A       1%          4
 Summon Lightning Spire   Summ/Air       59%        N/A       1%          4
 Alistair's Intoxication  Alch           39%        N/A       1%          5
 Arcjolt                  Conj/Air       29%        1d39      1%          5
 Curse of Agony           Necr           59%        N/A       1%          5
 Freezing Cloud           Conj/Ice/Air   29%        6-21      1%          5
 Silence                  Hex/Air        29%        N/A       1%          5
 Yara's Violent Unravell  Hex/Alch       29%        3d12      1%          5
 Death Channel            Necr           29%        N/A       7%          6
 Dispersal                Tloc           29%        N/A       7%          6
 Plasma Beam              Fire/Air       29%        2x1d42    7%          6
 Sculpt Simulacrum        Ice/Alch       29%        N/A       7%          6
 Enfeeble                 Hex            29%        N/A       36%         7
 Orb of Destruction       Conj           29%        9d9       36%         7
 Spellforged Servitor     Conj/Summ      29%        N/A       36%         7
 Summon Hydra             Summ           29%        N/A       36%         7
 Lehudib's Crystal Spear  Conj/Erth      29%        10d8      96%         8
 Sublimation of Blood     Necr           Unusable   N/A       N/A         2

Dungeon Overview and Level Annotations

Branches:
Dungeon (15/15) Zot: 23359  Temple (1/1) D:6 Zot: 5758    Lair (5/5) D:11 Zot: 17710
 Shoals (4/4) Lair:2 Zot: 13835  Spider (4/4) Lair:3 Zot: 17278   Slime (0/5) Lair:4
    Orc (2/2) D:12 Zot: 9274     Elf (3/3) Orc:2 Zot: 3432  Vaults (4/5) D:13 Zot: 14919
  Crypt (3/3) Vaults:2 Zot: 12209    Tomb (0/3) Crypt:3      Depths (0/4) D:15
  Sewer (visited)

Altars:
Ashenzari
Cheibriados
Dithmenos
Elyvilon
Fedhas
Gozag
Hepliaklqana
Kikubaaqudgha
Makhleb
Nemelex Xobeh
Okawaru
Qazlal
Ru
Sif Muna
Trog
Uskayaw
Vehumet
Wu Jian
Xom
Yredelemnul
Zin
The Shining One
Jiyva
Lugonu

Shops:
D:5 [   D:9 ?   D:11 =   Orc:2 ([*=   Elf:1 *   Elf:3 [[:=[   Shoals:1 !
Shoals:2 !   Shoals:3 (!((

Annotations:
Elf:2 exclusion: 3 doors, Zenata
Vaults:4 1 exclusion
Crypt:3 Frederick


Innate Abilities, Weirdness & Mutations

You are a living statue of rough stone.
Your actions are slow, but your melee attacks are powerful.
You are resistant to unholy torment.
Your maximum health is decreased, since you lack skill for your form.
Your equipment is partially melded.
You are immune to poison.
You have very sharp teeth.
You sometimes lose the ability to drink potions when taking damage.
You sometimes lose the ability to read scrolls when taking damage.
You cannot train Armour skill.
You are somewhat unskilled. (-1 Apt)
You are somewhat inexperienced. (-1 XL)
Your uncanny sense of smell can sniff out nearby items.
Your experience applies equally to all skills.
You are somewhat resistant to further mutation.
((You are covered in fur. (AC +1)))
Your muscles are strong. (Str +4, Int/Dex -1)


Message History

Casting: Summon Ice Beast (safe; 1% risk of failure)
You erupt in a fountain of uncontrolled magic!
Frederick is blasted with magical radiation!!
You are very lightly contaminated with residual magic.
Frederick casts a spell.
The bolt of lightning hits you! You resist.
* * * LOW HITPOINT WARNING * * *
The fiery plasma hits you! You resist.
* * * LOW HITPOINT WARNING * * *
Casting: Irradiate (mildly dangerous; 1% risk of failure)
You erupt in a fountain of uncontrolled magic!
Frederick is blasted with magical radiation!!
Frederick hits you but does no damage.
Frederick is engulfed in a cloud of scalding steam.
Frederick hits you with a +3 broad axe of electrocution!!
* * * LOW HITPOINT WARNING * * *
Unknown command.
You feel much better.
The guardian mummy is no longer distracted by gold.
You block the guardian mummy's attack. Frederick misses you.
You feel much better. Frederick hits you but does no damage.
The guardian mummy misses you.
Frederick gestures at you while chanting.
The iron shot hits you!!
* * * LOW HITPOINT WARNING * * *
Frederick is knocked back by the blast.
You block the guardian mummy's attack.
Aiming: Thunderbolt
Press: ? - help, Shift-Dir - straight line, f/p - Frederick
Aim: Frederick, wielding a +3 broad axe of electrocution, wearing a +0 chain mail and wearing the orb of Apathy {*channel, rElec rN+} (almost dead)
The thunderbolt hits Frederick.
Frederick completely resists.
You block the guardian mummy's attack.
Aiming: Thunderbolt
Press: ? - help, Shift-Dir - straight line, f/p - Frederick
Aim: Frederick, wielding a +3 broad axe of electrocution, wearing a +0 chain mail and wearing the orb of Apathy {*channel, rElec rN+} (almost dead)
The thunderbolt hits Frederick!
Frederick resists.
Frederick gestures at you while chanting.
The iron shot hits you!!!
You die...
Frederick sighs.
Your body crumbles into a pile of gold.

#......#∆∆ #......#∆∆
#......#### #.........#
#.........# #.........#
#.........# #......@..#
#.....~#8.# #......#M.#
#......#M$# #......#..#
#....9.#...
#......#................#
#.....@#....M.8.....8...
#......#...............
#......#......8.....8.


You could see Frederick and 2 guardian mummies.

Vanquished Creatures
  Boris (Crypt:3)
  Bai Suzhen (Vaults:2)
  Nikola (Spider:1)
  Norris (Vaults:3)
  A golden dragon (Vaults:4)
  The ghost of TobyConnect the Warrior, an adept DsFi of Gozag (Vaults:1)
  A deep elf blademaster (Elf:3)
  Mlioglotl (Shoals:2)
  A sphinx (Vaults:4)
  A deep elf master archer (Elf:3)
  Polyphemus (Shoals:2)
  5 ancient champions
  3 revenants
  2 deep elf sorcerers (Elf:3)
  3 emperor scorpions (Spider:4)
  A deep elf elementalist (Elf:3)
  12 vault wardens
  4 ghost moths
  11 ironbound preservers
  2 curse skulls (Crypt:2)
  8 ghouls
  5 orc warlords
  A stone giant (D:15)
  A vampire knight (Crypt:1)
  A very ugly thing (Vaults:4)
  4 deep elf demonologists (Elf:3)
  3 ironbound thunderhulks
  5 deep elf death magi
  2 spark wasps
  3 eidola
  3 deep elf annihilators (Elf:3)
  3 dire elephants (Vaults:3)
  5 merfolk javelineers (Shoals:4)
  2 jiangshi (Crypt:2)
  9 merfolk impalers
  A mummy priest (Crypt:3)
  8 deep elf high priests (Elf:3)
  6 yaktaur captains
  A quicksilver dragon zombie (Crypt:3)
  2 fire dragons
  7 crystal guardians
  7 entropy weavers
  9 great orbs of eyes
  16 vault guards
  2 hydras
  An ogre mage (Orc:2)
  4 catoblepae
  2 peacekeepers (Vaults:4)
  10 centaur warriors
  3 merfolk aquamancers
  3 merfolk avatars
  7 ironbound frosthearts
  2 radroaches (Spider:1)
  7 boulder beetles
  4 satyrs
  8 two-headed ogres
  2 alligator snapping turtles
  3 tengu warriors
  2 orc high priests (Orc:2)
  10 death yaks
  A vampire mage (Crypt:2)
  19 dancing weapons
  6 demonic crawlers
  A deep troll earth mage (Vaults:4)
  Nergalle (Lair:2)
  A hell knight (Vaults:4)
  2 soul eaters (Crypt:2)
  2 shadow wraiths
  3 skysharks
  15 deep elf knights
  A fire crab (Lair:5)
  14 skeletal warriors
  12 sea snakes
  2 bunyip zombies
  A pharaoh ant (Spider:3)
  An iron giant zombie (Crypt:2)
  A skyshark (shapeshifter) (Vaults:3)
  3 arcanists
  A bog body (Crypt:3)
  A sun moth (Spider:3)
  6 orb spiders
  6 deep elf archers
  18 ironbound convokers
  5 lindwurms (Vaults:1)
  4 necromancers
  A flayed ghost (Crypt:2)
  21 deep trolls
  6 steelbarb worms
  9 orc knights
  14 deep elf zephyrmancers
  3 orc sorcerers (Orc:2)
  10 phantasmal warriors
  10 ugly things
  A faun (shapeshifter) (Vaults:3)
  28 deep elf pyromancers
  14 wolf spiders
  A goliath frog skeleton (Crypt:1)
  A shining eye (shapeshifter) (Vaults:3)
  8 cyclopes
  12 harpies
  11 manticores
  2 kobold blastminers (Orc:2)
  4 merfolk sirens
  4 fauns (Shoals:3)
  21 elephants
  An iron dragon skeleton (Crypt:1)
  22 vault sentinels
  3 molten gargoyles (Lair:5)
  A moth of wrath (Spider:1)
  10 black mambas
  4 water nymphs
  An eye of devastation (shapeshifter) (Vaults:3)
  12 cane toads
  A gargoyle (D:13)
  2 torpor snails
  An unseen horror zombie (Crypt:2)
  2 rime drakes (Lair:4)
  An alligator snapping turtle zombie (Crypt:1)
  An orb spider zombie (Crypt:2)
  A hellion (Vaults:4)
  A freezing wraith (Crypt:1)
  An unseen horror (D:11)
  29 yaktaurs
  4 kobold demonologists
  A pale draconian zombie (Crypt:1)
  A yellow draconian skeleton (Crypt:1)
  15 guardian mummies (Crypt:3)
  A green draconian skeleton (Crypt:1)
  A pale draconian skeleton (Crypt:2)
  7 komodo dragons
  A tengu conjurer (D:14)
  A harpy zombie (Crypt:1)
  4 polar bears
  30 merfolk
  6 trolls
  4 wind drakes
  A tarantella (shapeshifter) (Vaults:3)
  A satyr zombie (Crypt:1)
  24 tarantellas
  Prince Ribbit (D:5)
  30 blink frogs
  8 hornets
  A human skeleton (Vaults:4)
  An iron dragon simulacrum (Crypt:1)
  8 dream sheep
  A meliai zombie (Crypt:3)
  10 snapping turtles
  An ettin zombie (Crypt:1)
  Sigmund (D:2)
  25 slime creatures
  A shadow (D:11)
  10 culicivoras
  A centaur simulacrum (D:14)
  5 water elementals
  A yak (shapeshifter) (Elf:3)
  15 jumping spiders
  6 wraiths
  9 wyverns
  2 ushabtiu (Crypt:3)
  36 yaks
  A warg (shapeshifter) (D:14)
  4 basilisks
  4 wargs
  An unseen horror simulacrum (D:10)
  3 fire elementals (Elf:1)
  A hog (shapeshifter) (D:15)
  A steam dragon (Lair:5)
  31 redbacks
  Menkaure (D:7)
  A harpy simulacrum (Crypt:1)
  A swamp worm (shapeshifter) (Elf:1)
  An acid dragon (D:9)
  11 water moccasins
  An entropy weaver zombie (Crypt:3)
  2 hell hounds (Lair:5)
  A black bear (Lair:1)
  Pargi (Sewer)
  A two-headed ogre skeleton (Crypt:1)
  An elephant zombie (Crypt:1)
  An ice beast (D:10)
  A sky beast (D:7)
  26 laughing skulls
  9 ogres
  23 orc warriors
  A human zombie (Vaults:4)
  9 wolves
  17 centaurs
  A tengu (shapeshifter) (Elf:2)
  2 elephant skeletons
  A brain worm (Sewer)
  4 earth elementals
  6 kobold brigands
  An ogre simulacrum (Vaults:4)
  An elf skeleton (Crypt:2)
  11 bullfrogs
  2 scorpions (D:5)
  2 necrophages
  5 gnoll sergeants
  4 wights (D:8)
  A swamp dragon simulacrum (Crypt:1)
  A raiju zombie (Crypt:1)
  An electric eel (D:10)
  9 howler monkeys
  4 lava snakes (Lair:5)
  2 jellies (D:6)
  4 orc priests
  2 bombardier beetles
  4 hounds
  3 iguanas
  Jessica (D:2)
  A black bear skeleton (Crypt:1)
  Natasha (twice) (D:2)
  8 orc wizards
  An ice beast zombie (Crypt:3)
  A deep dwarf skeleton (Crypt:3)
  A mummy (Crypt:3)
  Robin (D:3)
  14 gnolls
  15 adders
  A shadow imp (D:6)
  2 white imps
  3 ufetubi
  An adder skeleton (Crypt:1)
  A lava snake skeleton (Crypt:2)
  3 dart slugs
  3 ribbon worms (D:2)
  42 orcs
  14 ball pythons
  3 endoplasms
  6 giant cockroaches
  6 hobgoblins
  2 jackals (D:5)
  23 kobolds
  6 quokkas
  3 bats
  4 frilled lizards
  A frilled lizard zombie (Crypt:3)
  A giant cockroach zombie (Crypt:3)
  17 goblins
  A jackal skeleton (Crypt:3)
  4 rats
  A snaplasher vine (Shoals:4)
  2 spectral weapons
1334 creatures vanquished.

Vanquished Creatures (collateral kills)
  Mara (Shoals:3)
  A deep elf master archer (Elf:3)
  Frances (Shoals:1)
  Roxanne (Elf:2)
  A ghost moth (Spider:4)
  A deep elf sorcerer (Elf:3)
  Louise (D:14)
  2 deep elf elementalists (Elf:3)
  A deep elf demonologist (Elf:3)
  A dire elephant (Vaults:3)
  A deep elf death mage (Elf:3)
  3 deep elf annihilators (Elf:3)
  A merfolk javelineer (Shoals:3)
  An entropy weaver (Spider:2)
  4 merfolk impalers
  A deep elf high priest (Elf:3)
  An alligator snapping turtle (Shoals:1)
  A merfolk aquamancer (Shoals:4)
  2 two-headed ogres
  A death yak (Lair:5)
  2 jorogumos
  A tengu warrior (D:14)
  2 dancing weapons (Elf:2)
  2 skysharks
  2 deep elf knights (Elf:2)
  A pharaoh ant (Spider:1)
  6 orb spiders
  A deep elf archer (Elf:3)
  3 deep elf pyromancers
  2 orc knights
  3 deep elf zephyrmancers (Elf:2)
  4 harpies
  2 steelbarb worms
  4 manticores
  An orc sorcerer (Orc:2)
  A cyclops (Shoals:1)
  6 elephants
  A merfolk siren (Shoals:4)
  A vault sentinel (Vaults:3)
  2 water nymphs (Shoals:1)
  2 black mambas (Lair:2)
  A gargoyle (D:11)
  An unseen horror (D:11)
  4 komodo dragons
  A guardian mummy (Crypt:3)
  A troll (D:12)
  4 wind drakes
  5 merfolk
  7 tarantellas
  A blink frog (Lair:3)
  4 dream sheep
  2 snapping turtles (Shoals:2)
  4 slime creatures
  11 jumping spiders
  5 culicivoras
  A water elemental (Shoals:2)
  A wraith (D:11)
  6 yaks
  A vampire (D:13)
  A fire elemental (Elf:1)
  2 basilisks
  13 redbacks
  5 water moccasins
  A hell hound (Lair:5)
  A sky beast (D:7)
  An ogre (Orc:2)
  An orc warrior (Orc:2)
  A black bear (D:6)
  2 wolves
  A phantom (D:6)
  A bullfrog (Lair:3)
  2 kobold brigands
  A gnoll sergeant (D:7)
  A howler monkey (D:11)
  A lava snake (Lair:5)
  A bombardier beetle (D:8)
  A jelly (D:6)
  A gnoll bouda (D:7)
  A sleepcap (D:8)
  2 orc wizards
  15 gnolls
  2 adders (Lair:2)
  7 orcs
  A jackal skeleton (Crypt:3)
  6 kobolds
208 creatures vanquished.

Vanquished Creatures (others)
  Asterion (Vaults:1)
  A deep elf demonologist (Elf:1)
  A deep elf annihilator (Elf:3)
  A two-headed ogre (D:9)
  A death yak (Shoals:2)
  A deep elf zephyrmancer (Elf:1)
  A cane toad (Lair:2)
  A troll (D:11)
  A wind drake (Shoals:4)
  24 snaplasher vines
33 creatures vanquished.

Grand Total: 1575 creatures vanquished

Notes
Turn   | Place    | Note
-------+----------+-------------------------------------------
     0 | D:1      | iamserjio the Gnoll Monk began the quest for the Orb.
     0 | D:1      | Reached XP level 1. HP: 23/23 MP: 1/1
   235 | D:1      | Reached XP level 2. HP: 29/29 MP: 2/2
   411 | D:2      | Noticed Natasha
   420 | D:2      | Killed Natasha
   421 | D:2      | Reached skill level 1 in Short Blades
   421 | D:2      | Reached skill level 1 in Axes
   421 | D:2      | Reached skill level 1 in Maces & Flails
   421 | D:2      | Reached skill level 1 in Polearms
   421 | D:2      | Reached skill level 1 in Staves
   421 | D:2      | Reached skill level 1 in Ranged Weapons
   421 | D:2      | Reached skill level 1 in Throwing
   421 | D:2      | Reached skill level 1 in Armour
   421 | D:2      | Reached skill level 1 in Stealth
   421 | D:2      | Reached skill level 1 in Shields
   421 | D:2      | Reached skill level 1 in Unarmed Combat
   421 | D:2      | Reached skill level 1 in Spellcasting
   421 | D:2      | Reached skill level 1 in Invocations
   421 | D:2      | Reached skill level 1 in Evocations
   421 | D:2      | Reached XP level 3. HP: 23/35 MP: 2/4
   519 | D:3      | Reached skill level 1 in Shapeshifting
   519 | D:3      | Reached XP level 4. HP: 39/41 MP: 5/5
   594 | D:3      | Found a glowing drain.
   598 | Sewer    | Entered a sewer
   622 | Sewer    | Noticed Pargi
   641 | Sewer    | Killed Pargi
   642 | Sewer    | Reached skill level 1 in Conjurations
   642 | Sewer    | Reached skill level 1 in Hexes
   642 | Sewer    | Reached skill level 1 in Summonings
   642 | Sewer    | Reached skill level 1 in Necromancy
   642 | Sewer    | Reached skill level 1 in Translocations
   642 | Sewer    | Reached skill level 1 in Fire Magic
   642 | Sewer    | Reached skill level 1 in Ice Magic
   642 | Sewer    | Reached skill level 1 in Air Magic
   642 | Sewer    | Reached skill level 1 in Earth Magic
   642 | Sewer    | Reached skill level 1 in Alchemy
   642 | Sewer    | Reached XP level 5. HP: 6/47 MP: 5/7
   835 | Sewer    | Reached XP level 6. HP: 34/53 MP: 5/8
  1087 | D:3      | Noticed Robin
  1368 | D:3      | Learned a level 1 spell: Kiss of Death
  1541 | D:4      | Identified the +3 leather armour of Spite {rElec rF+
                  | Slay-5}
  1562 | D:4      | Reached XP level 7. HP: 25/60 MP: 10/10
  1758 | D:4      | Found a broken altar of Ashenzari.
  2183 | D:5      | Entered Level 5 of the Dungeon
  2309 | D:5      | Found a radiant altar of Vehumet.
  2433 | D:5      | Learned a level 3 spell: Confusing Touch
  2659 | D:5      | Reached XP level 8. HP: 56/67 MP: 12/12
  2929 | D:5      | Noticed Prince Ribbit
  2939 | D:5      | Killed Prince Ribbit
  3591 | D:6      | Found a staircase to the Ecumenical Temple.
  3623 | Temple   | Entered the Ecumenical Temple
  3699 | Temple   | Became a worshipper of Ru the Awakened
  3710 | Temple   | Gained mutation: You are somewhat inexperienced. (-1 XL)
                  | [Ru sacrifice]
  3710 | Temple   | Reached XP level 7. HP: 60/60 MP: 12/12
  3710 | Temple   | Reached * piety under Ru
  4036 | D:3      | Found a faded altar of an unknown god.
  4057 | D:3      | Killed Robin
  4672 | D:2      | Noticed Jessica
  4676 | D:2      | Killed Jessica
  4678 | D:2      | Noticed Sigmund
  4722 | D:2      | Killed Sigmund
  5055 | D:2      | Noticed Natasha
  5062 | D:2      | Killed Natasha
  5400 | D:1      | Got the Parchment of Summoning
  5765 | D:5      | Found Ediloir's Antique Armour Shoppe.
  6006 | D:5      | Learned a level 3 spell: Summon Ice Beast
  6010 | D:5      | Learned a level 3 spell: Hailstorm
  6080 | D:6      | Reached XP level 8. HP: 62/64 MP: 13/13
  6595 | D:7      | Gained mutation: You occasionally lose the ability to drink
                  | potions when taking damage. [Ru sacrifice]
  6595 | D:7      | Gained mutation: You sometimes lose the ability to drink
                  | potions when taking damage. [Ru sacrifice]
  6595 | D:7      | Reached ** piety under Ru
  7051 | D:7      | Reached skill level 5 in Invocations
  7134 | D:7      | Noticed Menkaure
  7928 | D:8      | Found a snail-covered altar of Cheibriados.
  8416 | D:7      | Reached skill level 5 in Short Blades
  8416 | D:7      | Reached skill level 5 in Axes
  8416 | D:7      | Reached skill level 5 in Maces & Flails
  8416 | D:7      | Reached skill level 5 in Polearms
  8416 | D:7      | Reached skill level 5 in Staves
  8416 | D:7      | Reached skill level 5 in Ranged Weapons
  8416 | D:7      | Reached skill level 5 in Throwing
  8416 | D:7      | Reached skill level 5 in Armour
  8416 | D:7      | Reached skill level 5 in Stealth
  8416 | D:7      | Reached skill level 5 in Shields
  8416 | D:7      | Reached skill level 5 in Unarmed Combat
  8416 | D:7      | Reached skill level 5 in Spellcasting
  8416 | D:7      | Reached skill level 5 in Evocations
  8416 | D:7      | Reached XP level 9. HP: 75/75 MP: 12/16
  8775 | D:7      | Killed Menkaure
  8882 | D:9      | Learned a level 5 spell: Irradiate
  8965 | D:9      | Found Tuixag Naus's Magic Scroll Boutique.
  9112 | D:9      | Identified the +2 helmet "Zeir Owi" {rC++ Str+7 Int+3}
  9162 | D:9      | Noticed a two-headed ogre
  9178 | D:9      | Killed a two-headed ogre
  9179 | D:9      | Reached skill level 5 in Shapeshifting
  9282 | D:9      | Noticed a tengu warrior
  9510 | D:9      | Gained mutation: You occasionally lose the ability to read
                  | scrolls when taking damage. [Ru sacrifice]
  9510 | D:9      | Gained mutation: You sometimes lose the ability to read
                  | scrolls when taking damage. [Ru sacrifice]
  9510 | D:9      | Reached *** piety under Ru
  9510 | D:9      | Reached **** piety under Ru
 10414 | D:10     | Entered Level 10 of the Dungeon
 10568 | D:10     | Noticed a two-headed ogre
 10587 | D:10     | Killed a two-headed ogre
 10776 | D:10     | Noticed a two-headed ogre
 10787 | D:10     | Killed a two-headed ogre
 10788 | D:10     | Reached skill level 5 in Conjurations
 10788 | D:10     | Reached skill level 5 in Hexes
 10788 | D:10     | Reached skill level 5 in Summonings
 10788 | D:10     | Reached skill level 5 in Necromancy
 10788 | D:10     | Reached skill level 5 in Translocations
 10788 | D:10     | Reached skill level 5 in Fire Magic
 10788 | D:10     | Reached skill level 5 in Ice Magic
 10788 | D:10     | Reached skill level 5 in Air Magic
 10788 | D:10     | Reached skill level 5 in Earth Magic
 10788 | D:10     | Reached skill level 5 in Alchemy
 10788 | D:10     | Reached XP level 10. HP: 83/83 MP: 15/19
 10921 | D:10     | Found a stormy altar of Qazlal.
 10922 | D:10     | Found a basalt altar of Yredelemnul.
 11291 | D:11     | Noticed a boulder beetle
 11390 | D:11     | Noticed a two-headed ogre
 11398 | D:11     | Killed a two-headed ogre
 11580 | D:11     | Found a staircase to the Lair.
 11673 | D:11     | Found Oreitut's Jewellery Shop.
 11907 | D:11     | Found a radiant altar of Vehumet.
 12105 | D:11     | Killed a boulder beetle
 12597 | D:12     | Noticed a boulder beetle
 12623 | D:12     | Killed a boulder beetle
 12797 | D:12     | Identified the +12 lajatang "Ninyphiuck" {flame, Int+3
                  | Dex+3}
 12924 | D:12     | Found a staircase to the Orcish Mines.
 13005 | D:12     | Reached XP level 11. HP: 75/90 MP: 21/21
 13432 | D:12     | Found a bloodstained altar of Trog.
 13717 | D:13     | Gained mutation: You are somewhat unskilled. (-1 Apt) [Ru
                  | sacrifice]
 13717 | D:13     | Reduced skill Conjurations to level 5
 13717 | D:13     | Reduced skill Hexes to level 5
 13717 | D:13     | Reduced skill Summonings to level 5
 13717 | D:13     | Reduced skill Necromancy to level 5
 13717 | D:13     | Reduced skill Translocations to level 5
 13717 | D:13     | Reduced skill Fire Magic to level 5
 13717 | D:13     | Reduced skill Ice Magic to level 5
 13717 | D:13     | Reduced skill Air Magic to level 5
 13717 | D:13     | Reduced skill Earth Magic to level 5
 13717 | D:13     | Reduced skill Alchemy to level 5
 13717 | D:13     | Reached ***** piety under Ru
 13736 | D:13     | Noticed a tengu warrior
 13750 | D:13     | Killed a tengu warrior
 13836 | D:13     | Noticed a centaur warrior
 13841 | D:13     | Killed a centaur warrior
 13865 | D:13     | Noticed a two-headed ogre
 13872 | D:13     | Killed a two-headed ogre
 13944 | D:13     | Noticed a centaur warrior
 13951 | D:13     | Noticed a vault guard
 13956 | D:13     | Killed a centaur warrior
 13957 | D:13     | Noticed a centaur warrior
 13977 | D:13     | Noticed a centaur warrior
 13983 | D:13     | Killed a vault guard
 13987 | D:13     | Killed a centaur warrior
 13989 | D:13     | Noticed a vault guard
 14195 | D:13     | Noticed a vault guard
 14252 | Lair:1   | Entered Level 1 of the Lair of Beasts
 14289 | Lair:1   | Noticed a catoblepas
 14302 | Lair:1   | Killed a catoblepas
 14546 | Lair:1   | Reached XP level 12. HP: 96/96 MP: 20/23
 15489 | Lair:2   | Identified the +2 cloak "Qome Uss" {Rampage}
 15520 | Lair:2   | Gained mutation: You cannot train Armour skill. [Ru
                  | sacrifice]
 15520 | Lair:2   | Reached ****** piety under Ru
 15755 | Temple   | Fell from the grace of Ru
 15755 | Temple   | Became a worshipper of Gozag Ym Sagoz the Greedy
 16005 | D:9      | Found Tuixag Naus's Magic Scroll Boutique.
 17115 | D:9      | Found Tuixag Naus's Magic Scroll Boutique.
 17983 | Lair:2   | Noticed Nergalle
 18018 | Lair:2   | Killed Nergalle
 18019 | Lair:2   | Reached skill level 10 in Fighting
 18019 | Lair:2   | Reached skill level 10 in Long Blades
 18019 | Lair:2   | Reached skill level 10 in Dodging
 18234 | Lair:2   | Found a staircase to the Shoals.
 19675 | Lair:3   | You fall into a shaft and drop 2 floors!
 19675 | Lair:5   | Entered Level 5 of the Lair of Beasts
 19683 | Lair:5   | Found a large runed translucent door.
 20053 | Lair:4   | Reached XP level 13. HP: 79/103 MP: 22/25
 20626 | Lair:4   | Found a viscous altar of Jiyva.
 20627 | Lair:4   | Found a staircase to the Slime Pits.
 21233 | Lair:3   | Identified the +2 scale mail of the Sea {-Tele rPois rN+
                  | Stlth+}
 22283 | Lair:3   | Found a hole to the Spider Nest.
 22649 | Lair:5   | Identified the +0 leather armour "Atwolluc" {Str+3}
 24033 | Lair:4   | Reached skill level 10 in Invocations
 25144 | Lair:5   | Reached XP level 14. HP: 113/113 MP: 24/27
 25579 | Lair:5   | Found a large runed translucent door.
 26040 | Lair:5   | Identified the +1 falchion of Begoaq {distort, Str+3}
 26501 | D:13     | Identified the +0 robe of Edgheuho {rN+}
 26916 | D:13     | Found a gate to the Vaults.
 28230 | D:14     | Noticed Louise
 28466 | D:14     | Learned a level 4 spell: Passage of Golubria
 29040 | D:15     | Entered Level 15 of the Dungeon
 29082 | D:15     | Found a staircase to the Depths.
 30725 | D:11     | Bought the ring "Dajeenef" {+Blink rN+ SInv} for 365 gold
                  | pieces
 30807 | Orc:1    | Entered Level 1 of the Orcish Mines
 30982 | Orc:2    | Entered Level 2 of the Orcish Mines
 31000 | Orc:2    | Found a staircase to the Elven Halls.
 31152 | Orc:1    | Reached skill level 10 in Short Blades
 31152 | Orc:1    | Reached skill level 10 in Axes
 31152 | Orc:1    | Reached skill level 10 in Maces & Flails
 31152 | Orc:1    | Reached skill level 10 in Polearms
 31152 | Orc:1    | Reached skill level 10 in Staves
 31152 | Orc:1    | Reached skill level 10 in Ranged Weapons
 31152 | Orc:1    | Reached skill level 10 in Throwing
 31152 | Orc:1    | Reached skill level 10 in Stealth
 31152 | Orc:1    | Reached skill level 10 in Shields
 31152 | Orc:1    | Reached skill level 10 in Unarmed Combat
 31152 | Orc:1    | Reached skill level 10 in Spellcasting
 31152 | Orc:1    | Reached skill level 10 in Evocations
 31283 | Orc:2    | Noticed an orc warlord
 31397 | Orc:2    | Reached XP level 15. HP: 111/119 MP: 26/29
 31879 | Orc:2    | Paralysed by an orc sorcerer for 4 turns
 31933 | Orc:2    | Found Evituw's Jewellery Shoppe.
 32050 | Orc:2    | Found Uziar's General Store.
 32062 | Orc:2    | Found Distruath's Antique Armour Shoppe.
 32134 | Orc:2    | Found Toosucur's Antique Weapon Shop.
 33248 | Elf:1    | Entered Level 1 of the Elven Halls
 33524 | Elf:1    | Identified the +10 war axe of Imbalance {elec, rN+ rCorr}
 33767 | Elf:1    | Found Yvegeobu's Assorted Antiques.
 34428 | Elf:1    | Noticed an Ice Fiend
 34880 | Elf:1    | Got the Meditations on Beckoning
 34890 | Elf:1    | Learned a level 5 spell: Summon Forest
 35580 | Orc:2    | Bought the ring of Wutwoimp {rPois rC- Will+ Slay+4 Stlth+}
                  | for 1177 gold pieces
 35775 | Spider:1 | Entered Level 1 of the Spider Nest
 36115 | Spider:1 | Gained mutation: You do not regenerate when monsters are
                  | visible. [mutagenic glow]
 36279 | Spider:1 | Noticed Nikola
 36882 | Spider:2 | Reached XP level 16. HP: 99/127 MP: 6/30
 37055 | Spider:2 | You fall into a shaft and drop 1 floor!
 37375 | Spider:2 | Reached skill level 10 in Shapeshifting
 38798 | Spider:4 | Entered Level 4 of the Spider Nest
 40187 | Spider:4 | Identified the +5 glaive of Woamyudd {spect, rC+}
 40759 | D:14     | Found a corrupted altar of Lugonu.
 40948 | Shoals:1 | Entered Level 1 of the Shoals
 41353 | Shoals:1 | Found Ulamepy's Distillery.
 41378 | Shoals:1 | Bought a potion of degeneration for 11 gold pieces
 42466 | Shoals:2 | Found Wedemawk's Distillery.
 42481 | Shoals:2 | Noticed Frances
 42481 | Shoals:2 | Found a runed translucent door.
 42494 | Shoals:1 | Killed Frances
 42774 | Shoals:2 | Reached XP level 17. HP: 112/135 MP: 24/32
 43027 | Shoals:2 | Noticed Mlioglotl
 43226 | Shoals:2 | Noticed Polyphemus
 43880 | Shoals:3 | Found Jaeg's Antique Weapon Shop.
 44084 | Shoals:3 | Noticed Mara
 44497 | Shoals:4 | Entered Level 4 of the Shoals
 45410 | D:9      | Bought a scroll of fear for 60 gold pieces
 45410 | D:9      | Bought a scroll of teleportation for 45 gold pieces
 45624 | Elf:1    | Reached skill level 10 in Conjurations
 45624 | Elf:1    | Reached skill level 10 in Hexes
 45624 | Elf:1    | Reached skill level 10 in Summonings
 45624 | Elf:1    | Reached skill level 10 in Necromancy
 45624 | Elf:1    | Reached skill level 10 in Translocations
 45624 | Elf:1    | Reached skill level 10 in Fire Magic
 45624 | Elf:1    | Reached skill level 10 in Ice Magic
 45624 | Elf:1    | Reached skill level 10 in Air Magic
 45624 | Elf:1    | Reached skill level 10 in Earth Magic
 45624 | Elf:1    | Reached skill level 10 in Alchemy
 47013 | Elf:2    | Found a runed translucent gate.
 47013 | Elf:2    | Found a runed translucent gate.
 47017 | Elf:2    | Found a runed translucent gate.
 47104 | Elf:2    | Noticed Roxanne
 47638 | Elf:2    | Killed Roxanne
 47807 | Elf:3    | Entered Level 3 of the Elven Halls
 47821 | Elf:3    | Found Lauppeiwno's Antique Armour Shoppe.
 48259 | Elf:3    | Found Ituph's Antique Armour Shoppe.
 48262 | Elf:3    | Found Reches's Jewellery Emporium.
 48262 | Elf:3    | Found Xufen's Antique Armour Shoppe.
 48323 | Elf:3    | Found Fuufast's Book Emporium.
 48417 | Elf:3    | Identified the +6 morningstar "Ylegot" {flame, Will+ rCorr}
 48417 | Elf:3    | Identified the ring of Zykk {*Corrode rElec rPois rC+}
 48914 | Elf:3    | Bought a ring of willpower for 300 gold pieces
 49292 | Elf:3    | Noticed a deep elf master archer
 49302 | Elf:3    | Identified the amulet of Doubts {Spirit Rampage rF+ rN+}
 49312 | Elf:3    | Noticed a Tzitzimitl
 49312 | Elf:3    | Killed a deep elf master archer
 49631 | Elf:3    | Noticed a deep elf master archer
 49638 | Elf:3    | Killed a deep elf master archer
 49642 | Elf:3    | Noticed a deep elf blademaster
 49656 | Elf:3    | Killed a deep elf blademaster
 49954 | Elf:3    | Reached XP level 18. HP: 97/144 MP: 29/34
 51348 | Elf:3    | Learned a level 1 spell: Apportation
 51353 | Elf:3    | Learned a level 4 spell: Vhi's Electric Charge
 52159 | Elf:3    | Identified the +6 ice dragon scales "Lyppa" {rF- rC++
                  | Str+3}
 53439 | Elf:3    | Got the Vellum of Earth and Composition
 53856 | Elf:3    | Found Lauppeiwno's Antique Armour Shoppe.
 53924 | Elf:3    | Found Reches's Jewellery Emporium.
 53926 | Elf:3    | Found Fuufast's Book Emporium.
 53926 | Elf:3    | Found Ituph's Antique Armour Shoppe.
 53930 | Elf:3    | Found Xufen's Antique Armour Shoppe.
 54327 | Elf:2    | Noticed Zenata
 54830 | Spider:1 | Killed Nikola
 55511 | Spider:1 | Identified the +2 scale mail of the Big Bang {rCorr}
 55767 | Lair:3   | Found a hole to the Spider Nest.
 57368 | Shoals:4 | Identified the +5 scale mail "Gohoh" {rF- rCorr Dex+7
                  | Stlth+}
 57551 | Shoals:4 | Got a barnacled rune of Zot
 58759 | Elf:1    | Bought a scroll labelled FOECOA ZICIMI for 28 gold pieces
 58848 | Elf:3    | Bought an embroidered cloak for 150 gold pieces
 58848 | Elf:3    | Bought an embroidered scarf for 160 gold pieces
 58851 | Elf:3    | Lost mutation: You do not regenerate when monsters are
                  | visible. [potion of mutation]
 58851 | Elf:3    | Gained mutation: You occasionally shout uncontrollably at
                  | your foes. [potion of mutation]
 58851 | Elf:3    | Gained mutation: You are resistant to electric shocks.
                  | (rElec) [potion of mutation]
 58851 | Elf:3    | Gained mutation: You are frail. (-10% HP) [potion of
                  | mutation]
 58851 | Elf:3    | Gained mutation: You are covered in fur. (AC +1) [potion of
                  | mutation]
 58852 | Elf:3    | Lost mutation: You occasionally shout uncontrollably at
                  | your foes. [potion of mutation]
 58852 | Elf:3    | Lost mutation: You are frail. (-10% HP) [potion of
                  | mutation]
 58852 | Elf:3    | Lost mutation: You are covered in fur. (AC +1) [potion of
                  | mutation]
 58852 | Elf:3    | Gained mutation: You are partially covered in iridescent
                  | scales. (AC +2) [potion of mutation]
 58852 | Elf:3    | Gained mutation: You sometimes lose your temper in combat.
                  | [potion of mutation]
 58852 | Elf:3    | Gained mutation: You are vulnerable to cold. (rC-) [potion
                  | of mutation]
 58852 | Elf:3    | Gained mutation: You are mostly covered in iridescent
                  | scales. (AC +4) [potion of mutation]
 58853 | Elf:3    | Lost mutation: You are resistant to electric shocks.
                  | (rElec) [potion of mutation]
 58853 | Elf:3    | Lost mutation: You are mostly covered in iridescent scales.
                  | (AC +4) [potion of mutation]
 58853 | Elf:3    | Gained mutation: Your magical capacity is low. (-10% MP)
                  | [potion of mutation]
 58853 | Elf:3    | Gained mutation: You are weak. (Str -2) [potion of
                  | mutation]
 58854 | Elf:3    | Lost mutation: You sometimes lose your temper in combat.
                  | [potion of mutation]
 58854 | Elf:3    | Lost mutation: Your magical capacity is low. (-10% MP)
                  | [potion of mutation]
 58854 | Elf:3    | Lost mutation: You are partially covered in iridescent
                  | scales. (AC +2) [potion of mutation]
 58854 | Elf:3    | Gained mutation: You have an increased reservoir of magic.
                  | (+10% MP) [potion of mutation]
 58854 | Elf:3    | Gained mutation: You are covered in fur. (AC +1) [potion of
                  | mutation]
 58854 | Elf:3    | Gained mutation: You are partially covered in iridescent
                  | scales. (AC +2) [potion of mutation]
 58855 | Elf:3    | Lost mutation: You are partially covered in iridescent
                  | scales. (AC +2) [potion of mutation]
 58855 | Elf:3    | Lost mutation: You have an increased reservoir of magic.
                  | (+10% MP) [potion of mutation]
 58856 | Elf:3    | Lost mutation: You are weak. (Str -2) [potion of mutation]
 58856 | Elf:3    | Lost mutation: You are vulnerable to cold. (rC-) [potion of
                  | mutation]
 58856 | Elf:3    | Gained mutation: Your muscles are strong. (Str +4, Int/Dex
                  | -1) [potion of mutation]
 58856 | Elf:3    | Gained mutation: You are somewhat resistant to further
                  | mutation. [potion of mutation]
 58860 | Elf:3    | Bought a steaming cloak for 313 gold pieces
 58860 | Elf:3    | Identified the +0 cloak of Foxic {Int+4} (You bought it in
                  | a shop on level 3 of the Elven Halls)
 59057 | Shoals:1 | Bought a potion of heal wounds for 55 gold pieces
 59057 | Shoals:1 | Bought a potion of mutation for 88 gold pieces
 59096 | Shoals:2 | Bought a potion of mutation for 128 gold pieces
 59096 | Shoals:2 | Bought a potion of curing for 48 gold pieces
 59096 | Shoals:2 | Bought a potion of curing for 48 gold pieces
 59096 | Shoals:2 | Bought a potion of mutation for 128 gold pieces
 59096 | Shoals:2 | Bought a potion of curing for 48 gold pieces
 59096 | Shoals:2 | Bought a potion of haste for 160 gold pieces
 59193 | Shoals:2 | Reached XP level 19. HP: 115/152 MP: 35/35
 59430 | Shoals:2 | Killed Mlioglotl
 59479 | Shoals:2 | Killed Polyphemus
 59514 | Shoals:2 | Found Wedemawk's Distillery.
 59984 | Shoals:3 | Found Osmiump's Weapon Shoppe.
 59994 | Shoals:3 | Killed Mara
 60033 | Shoals:3 | Found Attov's Distillery.
 60037 | Shoals:3 | Identified the +1 dagger "Wiuduis" {drain, rC+ rCorr}
 60082 | Shoals:3 | Found Apeem's Weapon Boutique.
 60653 | Spider:4 | Found the +2 pair of slick slippers {slick, slippery, EV+4}
 60808 | Spider:4 | Got a gossamer rune of Zot
 61216 | Elf:3    | Bought a book of Minor Magic for 224 gold pieces
 61219 | Elf:3    | Learned a level 2 spell: Blink
 61393 | D:14     | Killed Louise
 61463 | Vaults:1 | Entered Level 1 of the Vaults
 62042 | Vaults:1 | Noticed Asterion
 62063 | Vaults:1 | Killed Asterion
 62338 | Vaults:1 | Found a large runed translucent door.
 62338 | Vaults:1 | Found a large runed translucent door.
 63058 | Vaults:1 | Noticed TobyConnect's ghost (adept DsFi)
 63386 | Vaults:2 | Noticed Bai Suzhen
 63404 | Vaults:2 | Killed Bai Suzhen
 63875 | Vaults:2 | Reached XP level 20. HP: 118/160 MP: 33/37
 64218 | Vaults:2 | Found a staircase to the Crypt.
 65450 | Vaults:3 | Noticed Norris
 65475 | Vaults:3 | Killed Norris
 66195 | Vaults:4 | Reached skill level 15 in Invocations
 66367 | Vaults:4 | Reached skill level 15 in Fighting
 66367 | Vaults:4 | Reached skill level 15 in Long Blades
 66367 | Vaults:4 | Reached skill level 15 in Dodging
 67347 | Vaults:4 | Identified the amulet of Amur Hiv {Reflect Fly Dex+2 SH+5}
 67355 | Vaults:4 | Noticed a golden dragon
 67369 | Vaults:4 | Killed a golden dragon
 67434 | Vaults:4 | Identified the staff of Nappau Egoym {rElec rPois rC- Will+
                  | Str+3 Alchemy}
 67712 | Vaults:1 | Killed TobyConnect's ghost
 67776 | Vaults:1 | Identified the staff of Precise Incision {rN+ Str+5 Int-3
                  | Necro Ice Alchemy}
 67856 | Crypt:1  | Entered Level 1 of the Crypt
 67919 | Crypt:1  | Reached XP level 21. HP: 123/168 MP: 33/39
 70047 | Crypt:3  | Entered Level 3 of the Crypt
 70143 | Crypt:3  | Identified the +2 leather armour "Dajinn" {rF+ rCorr Dex+2}
 70486 | Crypt:3  | Identified the orb of Apathy {*channel, rElec rN+}
 70486 | Crypt:3  | Noticed Frederick
 70660 | Crypt:3  | Found a staircase to the Tomb.
 71239 | Crypt:3  | Noticed Boris
 71364 | Crypt:3  | Killed Boris
 71760 | Crypt:3  | Killed from afar by Frederick

Illustrated notes

Levels and vault maps discovered:
D:1:      dpeg_arrival_simpleton_a, layout_loops_ring, minmay_misc_feat_columns,
          nrook_loot_triangle, minmay_misc_feat_cross, skrybe_limestone_x
D:2:      minmay_recursive_quarters, layout_basic,
          chequers_serial_rivers_large_a, reono_crystal_passage, uniq_sigmund,
          uniq_natasha, uniq_jessica
D:3:      layout_rooms, gup_sewer_entry_bowl, ebering_ecumenical_altar_box,
          uniq_robin
D:4:      layout_cave_pools, mainiacjoe_overflow_concentric_impassable,
          grunt_decor_fettered
D:5:      layout_basic, amcnicky_altar_gilded, serial_glass, glass_columns_b,
          glass_columns_c, serial_shops, shop_fountains, supply_closet_lemuel,
          hex_large, uniq_prince_ribbit1
D:6:      layout_gridville, minmay_temple_entry_proselytizer
D:7:      layout_basic, uniq_menkaure
D:8:      layout_loops_corners, slow_altar_1
D:9:      layout_roguey, serial_shops, shop, grunt_decor_resistance
D:10:     layout_cross, gammafunk_temple_overflow_statue, serial_ice,
          serial_ice_m, serial_ice_f, serial_ice_a
D:11:     layout_roguey, minmay_lair_entry_grove, serial_shops, shop,
          nicolae_vehumet_altar_sigil
D:12:     layout_basic, minmay_orc_entry_guard_dogs, trog_ov_bears_minmay
D:13:     layout_small_grid, lightli_vaults_fourway_checkpoint
D:14:     layout_long_grid, serial_park_avenue1, marbit_kobold_abyssish,
          uniq_louise
D:15:     grunt_enter_depths_giant_problem, layout_small_grid,
          minmay_misc_feat_encased
Temple:   minmay_crystal_spiral_temple
Lair:1:   layout_long_grid
Lair:2:   minmay_lair_venomous_thicket, layout_cave_pods,
          minmay_shoals_entry_beasts, uniq_nergalle
Lair:3:   layout_chaotic_city, spider_nest_entry_webs
Lair:4:   layout_hall_layers, slime_entry_1, grunt_megastairs_1
Lair:5:   cheibrodos_lair_end_hotspot, layout_gridlike,
          chequers_serial_rivers_room_a
Shoals:1: layout_shoals, serial_shops, nicolae_lakefront_shop
Shoals:2: layout_shoals, serial_shops, shop, lightli_airlock, uniq_polyphemus,
          uniq_mlioglotl, uniq_frances
Shoals:3: layout_shoals, serial_shops, shop, nicolae_square_shop, shop, shop,
          yaktaur_hedge, uniq_mara
Shoals:4: shoals_end_simple, layout_shoals, nicolae_shoals_water_booths
Spider:1: nicolae_spider_mines_1, hellmonk_test_site,
          hangedman_spider_tarantella_strand, uniq_nikola
Spider:2: layout_spider_delve, nicolae_spider_orb_run
Spider:3: layout_spider_delve
Spider:4: spider_rune_water
Orc:1:    layout_caves
Orc:2:    grunt_orc_gardens, layout_diamond_mine, grunt_orc_garden,
          grunt_orc_garden, grunt_orc_garden, grunt_orc_garden
Elf:1:    nicolae_elf_arrival_fired_up, layout_loops_ring, serial_shops, shop,
          minmay_elf_demonology
Elf:2:    elven_hall_of_blades_hangedman_original
          [nicolae_vaults_blade_armed_guards], layout_geoelf_grid, uniq_zenata,
          uniq_roxanne
Elf:3:    minmay_elf_hall_golems, layout_geoelf_diagonals, serial_shops, shop,
          minmay_shoptagon
Vaults:1: ebering_ghost_disaster_area, v_misc_23, v_rooms_1,
          hangedman_vaults_variations, nicolae_vaults_wrenched, v_misc_5,
          nicolae_vaults_storage_closets_2, v_misc_3, vaults_dpeg_ring,
          nicolae_vaults_angled_halls, vaults_dpeg_emergency_exit,
          nicolae_vaults_trapezoid_lopsided_3, vaults_dpeg_diagonal,
          layout_vaults_maze, uniq_asterion
Vaults:2: vaults_mumra_minichess_inversion, nicolae_vaults_shelves_hall,
          minmay_crypt_entry_simple_plaza, nicolae_vaults_weapon_check,
          nicolae_vaults_closet_pinwheel_4, layout_vaults_omnigrid,
          uniq_bai_suzhen
Vaults:3: nicolae_vaults_octothorpe, v_misc_25,
          nicolae_vaults_loss_of_containment, v_misc_9,
          nicolae_vaults_lightning_bolt, nicolae_vaults_double_plus_2,
          nicolae_vaults_sesquioval_fish, nicolae_vaults_trapezoid_layered,
          layout_vaults_omnicross, uniq_norris
Vaults:4: v_misc_8, hangedman_vaults_hat, vaults_mumra_hexcomb,
          hangedman_vaults_cutoff, nicolae_vaults_heist,
          nicolae_vaults_network_s, nicolae_vaults_tetromino_T_1,
          vaults_dpeg_cross, v_misc_23, nicolae_vaults_storing_the_good_stuff,
          layout_vaults_big_room
Crypt:1:  layout_gridlike, serial_library_hellmonk_filled_rooms
Crypt:2:  layout_chaotic_city
Crypt:3:  due_elkab, layout_chaotic_city, tomb_entry_shell_bobbens, uniq_boris,
          uniq_frederick

Skill      XL: |  1  2  3  4  5  6  7  8  9 10 11 12 13 14 15 16 17 18 19 20 21 |
---------------+----------------------------------------------------------------+-----
Short Blades   | 1 2 3 5 6 7 7 8 9 10 11 12 13 14 | 14.4
Axes           | 1 2 3 5 6 7 7 8 9 10 11 12 13 14 | 14.4
Maces & Flails | 1 2 3 5 6 7 7 8 9 10 11 12 13 14 | 14.4
Polearms       | 1 2 3 5 6 7 7 8 9 10 11 12 13 14 | 14.4
Staves         | 1 2 3 5 6 7 7 8 9 10 11 12 13 14 | 14.4
Ranged Weapons | 1 2 3 5 6 7 7 8 9 10 11 12 13 14 | 14.4
Throwing       | 1 2 3 5 6 7 7 8 9 10 11 12 13 14 | 14.4
Armour         | 1 2 3 5 6 7 7 0 |  0.0
Stealth        | 1 2 3 5 6 7 7 8 9 10 11 12 13 14 | 14.4
Shields        | 1 2 3 5 6 7 7 8 9 10 11 12 13 14 | 14.4
Unarmed Combat | 1 2 3 5 6 7 7 8 9 10 11 12 13 14 | 14.4
Spellcasting   | 1 2 3 5 6 7 7 8 9 10 11 12 13 14 | 14.4
Invocations    | 1 2 4 5 6 7 8 9 10 11 12 13 14 15 | 15.7
Evocations     | 1 2 3 5 6 7 7 8 9 10 11 12 13 14 | 14.4
Shapeshifting  | 1 2 4 5 6 7 8 9 10 11 12 13 | 13.3
Conjurations   | 1 3 4 5 6 7 8 9 10 11 12 | 12.3
Hexes          | 1 3 4 5 6 7 8 9 10 11 12 | 12.3
Summonings     | 1 3 4 5 6 7 8 9 10 11 12 | 12.3
Necromancy     | 1 3 4 5 6 7 8 9 10 11 12 | 12.3
Translocations | 1 3 4 5 6 7 8 9 10 11 12 | 12.3
Fire Magic     | 1 3 4 5 6 7 8 9 10 11 12 | 12.3
Ice Magic      | 1 3 4 5 6 7 8 9 10 11 12 | 12.3
Air Magic      | 1 3 4 5 6 7 8 9 10 11 12 | 12.3
Earth Magic    | 1 3 4 5 6 7 8 9 10 11 12 | 12.3
Alchemy        | 1 3 4 5 6 7 8 9 10 11 12 | 12.3
Fighting       | 7 8 9 10 11 12 13 14 15 | 15.5
Long Blades    | 7 8 9 10 11 12 13 14 15 | 15.5
Dodging        | 7 8 9 10 11 12 13 14 15 | 15.5

Action                     |  1- 3 |  4- 6 |  7- 9 | 10-12 | 13-15 | 16-18 | 19-21 || total
---------------------------+-------+-------+-------+-------+-------+-------+-------++-------
  Melee: Falchion          |    53 |   120 |   466 |   145 |       |       |       ||   784
         Bite              |     8 |    17 |    67 |    69 |   130 |   197 |   198 ||   686
         Whip              |       |     4 |       |       |       |       |       ||     4
         Lajatang          |       |       |       |   319 |   691 |       |       ||  1010
         War axe           |       |       |       |       |   243 |  1016 |   757 ||  2016
         Morningstar       |       |       |       |       |       |   164 |   424 ||   588
         Double sword      |       |       |       |       |       |       |    59 ||    59
  Throw: Boomerang         |       |     3 |    34 |     2 |       |    16 |       ||    55
         Dart              |       |       |     6 |    17 |    33 |    33 |       ||    89
         Throwing net      |       |       |       |       |     1 |       |       ||     1
   Cast: Kiss of Death     |       |       |     5 |       |       |       |       ||     5
         Summon Ice Beast  |       |       |    46 |    60 |    95 |   110 |    17 ||   328
         Hailstorm         |       |       |    15 |     5 |     2 |       |       ||    22
         Confusing Touch   |       |       |     1 |       |       |       |       ||     1
         Summon Forest     |       |       |       |       |     6 |    67 |    15 ||    88
         Irradiate         |       |       |       |       |     3 |    23 |    24 ||    50
         Passage of Golubr |       |       |       |       |       |     9 |       ||     9
         Apportation       |       |       |       |       |       |    10 |       ||    10
         Vhi's Electric Ch |       |       |       |       |       |     1 |       ||     1
 Invoke: Sacrifice Experie |       |       |     1 |       |       |       |       ||     1
         Sacrifice Drink   |       |       |     1 |       |       |       |       ||     1
         Power Leap        |       |       |     1 |       |       |       |       ||     1
         Sacrifice Words   |       |       |     1 |       |       |       |       ||     1
         Apocalypse        |       |       |       |     2 |       |       |       ||     2
         Sacrifice Skill   |       |       |       |     1 |       |       |       ||     1
         Potion Petition   |       |       |       |     1 |     4 |     6 |       ||    11
         Sacrifice Durabil |       |       |       |     1 |       |       |       ||     1
Ability: Evoke Blink       |       |       |       |       |       |     1 |       ||     1
  Evoke: Wand              |       |       |     7 |     6 |    12 |    19 |       ||    44
         Box of beasts     |       |       |       |       |       |     1 |     2 ||     3
         Lightning rod     |       |       |       |       |       |       |     2 ||     2
         Phial of floods   |       |       |       |       |       |       |     1 ||     1
    Use: Scroll            |       |       |       |       |       |    23 |    19 ||    42
         Potion            |       |       |       |       |       |     6 |     4 ||    10
   Stab: Sleeping          |       |       |     3 |    10 |    10 |    14 |    35 ||    72
         Distracted        |       |       |     1 |     8 |    24 |    32 |    18 ||    83
         Invisible         |       |       |     1 |     4 |       |     3 |       ||     8
         Paralysed         |       |       |       |     2 |       |       |       ||     2
 Armour: Robe              |    24 |       |   206 |   192 |   196 |       |       ||   618
         Leather armour    |       |    77 |     1 |       |       |       |       ||    78
         Scale mail        |       |       |       |       |    56 |       |       ||    56
         Ring mail         |       |       |       |       |   179 |   462 |       ||   641
         Skin              |       |       |       |       |       |   350 |   990 ||  1340
  Dodge: Dodged            |    37 |    96 |   319 |   329 |   652 |   812 |   930 ||  3175
  Block: Other             |       |       |       |    59 |    34 |       |       ||    93
         Reflection        |       |       |       |     2 |       |       |       ||     2
         Kite shield       |       |       |       |       |   164 |  1064 |  1410 ||  2638
   Form: Statue            |       |       |       |       |       |     3 |       ||     3
                           |       |       |       |       |       |     2 |       ||     2
